 Dungeon Crawl Stone Soup version 0.27-a0-1579-g97d2440184 (webtiles) character file.

Game seed: 6007200829244669462

207 mandarbmax the Changer (level 5, -2/33 HPs)
             Began as an Octopode Transmuter on July 18, 2021.
             Slain by an orc (6 damage)
             ... on level 4 of the Dungeon.
             The game lasted 00:05:10 (4141 turns).

mandarbmax the Changer (Octopode Transmuter)        Turns: 4141, Time: 00:05:11

Health: -2/33      AC:  1    Str:  9    XL:     5   Next: 85%
Magic:  7/8        EV: 13    Int: 16    God:
Gold:   135        SH:  0    Dex: 13    Spells: 2/8 levels left

rFire    . . .     SeeInvis .     - Unarmed
rCold    . . .     Faith    .   (no shield)
rNeg     . . .     Spirit   .   (helmet currently unavailable)
rPois    .         Reflect  .   (no amulet)
rElec    .         Harm     .   (no ring)
rCorr    .         Rampage  .   (no ring)
Will     .....                  (no ring)
Stlth    ++........             (no ring)
HPRegen  0.11/turn              (no ring)
MPRegen  0.11/turn              (no ring)
                                (no ring)
                                (no ring)

@: appendages (expiring), wereblooded
A: tentacle spike 3, almost no armour, amphibious, 8 rings, camouflage 1,
gelatinous body 1, (nimble swimmer 1), tentacles
a: End Transformation


You were on level 4 of the Dungeon.
One of your tentacles had grown a beastly spike.
You visited 1 branch of the dungeon, and saw 4 of its levels.

You collected 135 gold pieces.

Inventory:

Missiles
 j - a throwing net
Scrolls
 b - a scroll of teleportation {unknown}
 c - a scroll of fog {unknown}
 f - a scroll of blinking {unknown}
 i - a scroll of immolation
Potions
 a - a potion of cancellation
 d - 2 potions of heal wounds {unknown}
 e - a potion of might
 h - a potion of curing
 k - a potion of brilliance {unknown}
 l - a potion of degeneration {unknown}


   Skills:
 - Level 1.0 Fighting
 - Level 3.0 Dodging
 - Level 4.0 Unarmed Combat
 - Level 2.0 Spellcasting
 + Level 4.7 Transmutations


You had 2 spell levels left.
You knew the following spells:

 Your Spells              Type           Power      Damage    Failure   Level
a - Beastly Appendage     Tmut           32%        N/A       3%          1
b - Wereblood             Tmut           16%        N/A       4%          2
c - Spider Form           Tmut/Pois      4%         N/A       24%         3

Your spell library contained the following spells:

 Spells                   Type           Power      Damage    Failure   Level
 Blink                    Tloc           N/A        N/A       30%         2
 Lesser Beckoning         Tloc           0%         N/A       52%         3
 Ice Form                 Ice/Tmut       9%         N/A       61%         4
 Manifold Assault         Tloc           1%         N/A       99%         5


Dungeon Overview and Level Annotations

Branches:
Dungeon (4/15)
 Temple: D:4-7

Altars:
Qazlal

Shops:
D:1 (


Innate Abilities, Weirdness & Mutations

One of your tentacles has grown a beastly spike.
You cannot wear most types of armour.
You are amphibious.
You can wear up to eight rings at the same time.
Your skin changes colour to match your surroundings (Stealth+).
Your rubbery body absorbs attacks. (AC +1, EV +1)
((You are camouflaged near water. (Stealth+)))
You have tentacles for arms and can constrict up to eight enemies at once.


Message History

An orc comes into view. It is wielding a +0 flail.
The orc shouts! x2; You hear a shout!
An orc comes into view. It is wielding a +0 dagger.
An orc comes into view. It is wielding a +0 falchion.
The goblin closely misses you.
You barely miss the goblin.
The orc shouts!
Your grab misses the goblin.
You pierce the goblin.
You feel a bit better.
You kill the goblin!
An orc priest comes into view. It is wielding a +0 club.
Things that are here:
a +0 dagger; a goblin corpse The orc closely misses you.
You tentacle-slap the orc. You grab the orc.
You squeeze the orc, but do no damage.
The orc is heavily wounded.
You constrict the orc. The orc hits you with a +0 whip.
You tentacle-slap the orc.
You feel a bit better.
You kill the orc!
The orc hits you with a +0 dagger. The orc barely misses you.
You tentacle-slap the orc. Your grab misses the orc.
The orc is moderately wounded.
The orc hits you with a +0 dagger. The orc barely misses you.
You tentacle-slap the orc.
You feel a bit better.
You kill the orc!
The orc misses you. The orc closely misses you.
You tentacle-slap the orc priest. Your grab misses the orc priest.
The orc priest is heavily wounded.
Your transformation is almost over.
The orc priest hits you with a +0 club. The orc hits you with a +0 falchion.
The orc closely misses you.
You closely miss the orc priest. You grab the orc priest.
You pierce the orc priest.
The orc priest is heavily wounded.
You constrict the orc priest, but do no damage.
The orc priest mumbles some strange prayers to Beogh against you.
Beogh smites you!
* * * LOW HITPOINT WARNING * * *
The orc hits you with a +0 falchion.
You die...

#........#
###########......###
#...............># #
#............#########
#............# ......
#............# ......
#............# ......
#.......[....# ..(...
#...o@)......# ......
#...oo..)....# ......
...............#
######
...............#
...............#
...!.########### .....
.....


You could see an orc priest and 2 orcs.

Vanquished Creatures
  A black bear (D:2)
  4 adders
  3 worms
  A dart slug (D:1)
  6 orcs
  4 endoplasms
  2 giant cockroaches
  5 goblins
  4 hobgoblins
  A quokka (D:3)
  5 ball pythons
  5 bats
  12 frilled lizards (D:1)
  4 kobolds
  9 rats
66 creatures vanquished.

Vanquished Creatures (others)
  3 plants (D:1)
3 creatures vanquished.

Grand Total: 69 creatures vanquished

Notes
Turn   | Place    | Note
-------+----------+-------------------------------------------
     0 | D:1      | mandarbmax the Octopode Transmuter began the quest for the
                  | Orb.
     0 | D:1      | Reached XP level 1. HP: 13/13 MP: 3/3
   104 | D:1      | Found Ihusew's Antique Weapon Boutique.
   266 | D:1      | Reached XP level 2. HP: 13/18 MP: 3/5
   666 | D:1      | Learned a level 2 spell: Wereblood
  1030 | D:1      | Found a faded altar of an unknown god.
  1553 | D:1      | Reached XP level 3. HP: 23/23 MP: 4/6
  1954 | D:2      | Reached XP level 4. HP: 21/28 MP: 7/7
  1958 | D:2      | Learned a level 3 spell: Spider Form
  2640 | D:3      | Found a stormy altar of Qazlal.
  2882 | D:3      | Noticed a black bear
  3289 | D:2      | Killed a black bear
  3290 | D:2      | Reached XP level 5. HP: 16/33 MP: 5/8
  4141 | D:4      | Slain by an orc

Illustrated notes

Levels and vault maps discovered:
D:1:      ebering_trefoil_3fold, layout_basic, serial_shops, shop,
          chequers_ecumenical_altar_grove, minmay_lizard_king
D:2:      layout_basic, hangedman_decor_clover_reticule
D:3:      layout_loops_ring, grunt_qazlal_sundering, st_stairs_14
D:4:      layout_basic, uniq_grinder

Skill      XL: |  1  2  3  4 |
---------------+-------------+-----
Unarmed Combat | 4 |  4.0
Dodging        | 3 |  3.0
Transmutations | 4 |  4.7
Fighting       | |  1.0
Spellcasting   | |  2.0

Action                   |  1- 3 |  4- 6 || total
-------------------------+-------+-------++-------
Melee: Unarmed           |    89 |    70 ||   159
       Kick              |    13 |    13 ||    26
       Tentacles         |    10 |     7 ||    17
       Constrict         |    16 |    14 ||    30
       Punch             |     1 |     1 ||     2
 Cast: Beastly Appendage |    23 |    15 ||    38
       Wereblood         |     5 |     6 ||    11
       Spider Form       |       |     6 ||     6
  Use: Scroll            |       |     5 ||     5
 Stab: Sleeping          |     5 |     5 ||    10
Armor: Skin              |     3 |     1 ||     4
Dodge: Dodged            |    52 |    64 ||   116

Table legend: (Time is in decaauts)
 A = Elapsed time spent in this place.
 B = Non-inter-level travel time spent in this place.
 C = Inter-level travel time spent in this place.
 D = Time resting spent in this place.
 E = Time spent auto-exploring this place.
 F = Levels seen in this place.
 G = Mean time per level.
                   A        B        C        D        E       F      G
               +--------+--------+--------+--------+--------+-----+--------+
         Total |   4131 |   4020 |    111 |    935 |   2378 |   4 | 1032.8 |
       Dungeon |   4131 |   4020 |    111 |    935 |   2378 |   4 | 1032.8 |
               +--------+--------+--------+--------+--------+-----+--------+

Top non-repeatable levels by time:
     D:1: 1793 daAuts
     D:2: 1212 daAuts
     D:3: 1008 daAuts
     D:4: 118 daAuts
